Map: Lightshade LE

Players

FLORENCIO - Winner!

  • Race: Terran Terran
  • League: Platinum
  • Spawn Location: 5:00

SKY

  • Race: Zerg Zerg
  • League: Platinum
  • Spawn Location: 11:00

VOD

Have the link to the VOD?

Description

Time

  • Played on: March 1, 2021, 3:09 a.m.
  • Length: 10:19
Show
View Real Time Build Order
Export as new Build Order

FLORENCIO Terran - Winner!

Build Orders:  

Get SALT Encoding   

  12  0:02  SCV  
  13  0:14  SCV  
  14  0:26  Supply Depot, SCV  
  15  0:48  Barracks  
  15  0:53  Refinery  
  15  0:54  SCV  
  16  1:06  SCV  
  17  1:13  Barracks  
  17  1:18  SCV  
  18  1:40  Supply Depot, Marine, Bunker  
  18  1:41  Bunker  
  19  1:48  Bunker  
  19  1:55  SCV  
  19  1:57  Marine  
  21  2:05  Supply Depot  
  21  2:07  SCV  
  22  2:21  Marine  
  23  2:23  Bunker  
  23  2:33  SCV  
  23  2:34  Refinery  
  24  2:39  Marine  
  24  2:40  Refinery  
  25  2:45  SCV  
  26  2:56  Bunker, Marine  
  27  3:05  SCV  
  28  3:14  Marine  
  28  3:18  SCV  
  30  3:36  Factory  
  30  3:37  SCV  
  31  4:00  SCV  
  32  4:04  Engineering Bay  
  32  4:12  SCV  
  33  4:21  Starport  
  33  4:24  SCV  
  34  4:37  Factory Tech Lab  
  34  4:39  Planetary Fortress  
  27  5:04  Marine  
  31  5:07  Siege Tank  
  31  5:09  Bunker  
  31  5:13  Fusion Core, Starport Tech Lab  
  31  5:29  Supply Depot  
  31  5:31  Supply Depot x2  
  31  5:47  Missile Turret  
  31  5:50  Marine  
  32  6:07  Battlecruiser  
  34  6:34  SCV  
  34  6:37  Marine  
  36  6:55  Marine  
  36  7:01  Supply Depot x2  
  37  7:07  Command Center  
  36  7:13  Marine  
  37  7:19  Battlecruiser  
  43  8:47  Battlecruiser  
  43  9:19  Siege Tank  
  43  9:20  Marine  
  47  9:38  Marine  
Show
View Real Time Build Order
Export as new Build Order

SKY Zerg 

Build Orders: Hatch First, Roach Nydus 

Get SALT Encoding   

  12  0:00  Drone  
  13  0:13  Overlord  
  13  0:17  Drone  
  14  0:31  Drone x2  
  14  0:35  Drone  
  17  0:45  Drone  
  18  0:56  Hatchery  
  17  0:57  Drone  
  17  1:03  Extractor  
  17  1:13  Spawning Pool  
  17  1:15  Drone  
  17  1:19  Drone  
  18  1:28  Drone  
  19  1:39  Overlord  
  19  2:00  Queen  
  21  2:04  Spine Crawler  
  21  2:05  Zergling x4  
  21  2:07  Spine Crawler  
  21  2:09  Overlord  
  21  2:13  Spine Crawler  
  21  2:25  Drone x2, Spine Crawler  
  21  2:29  Extractor  
  21  2:36  Overlord  
  21  2:44  Lair  
  21  2:58  Roach Warren  
  20  3:04  Drone  
  21  3:06  Drone  
  21  3:11  Drone  
  23  3:17  Drone  
  24  3:25  Drone  
  24  3:26  Drone  
  26  3:34  Overlord  
  26  3:42  Roach  
  26  3:46  Roach  
  30  3:50  Roach  
  32  4:04  Ravager  
  32  4:06  Roach  
  32  4:08  Ravager  
  36  4:12  Queen, Ravager  
  39  4:21  Roach x2  
  43  4:31  Ravager  
  39  5:11  Nydus Network, Roach x3  
  39  5:12  Overlord, Roach  
  39  5:14  Overlord  
  46  5:22  Overlord  
  46  5:33  Queen  
  48  5:39  Roach x3  
  48  5:42  Spore Crawler  
  53  5:50  Nydus Canal  
  53  5:54  Roach  
  45  6:27  Ravager  
  45  6:28  Drone x3  
  49  6:59  Hatchery  
  48  7:03  Drone x5  
  53  7:21  Hatchery  
  48  7:34  Spore Crawler  
  47  7:39  Queen  
  44  7:54  Spore Crawler  
  37  7:59  Spore Crawler  
  28  8:15  Queen  
  28  8:19  Spore Crawler  
  24  8:31  Drone  
  22  8:50  Queen  
  14  10:03  Drone  
Tags
 
Add a new tag
Caveats
  • Supply blocks, unpowered buildings, or Contaminate may cause inaccurate times.
  • Supply counts are checked every 10 seconds.